 Dungeon Crawl Stone Soup version 0.27-a0-1140-g099f9bb0e8 (webtiles) character file.

Game seed: 3647525067129612952

674 voltaire321 the Poker (level 7, -4/55 HPs)
             Began as a Merfolk Gladiator on May 9, 2021.
             Was an Initiate of the Shining One.
             Slain by a lemure (5 damage)
             ... led by Pikel
             ... on level 5 of the Dungeon.
             The game lasted 00:14:04 (4986 turns).

voltaire321 the Poker (Merfolk Gladiator)           Turns: 4986, Time: 00:14:04

Health: -4/55      AC: 11    Str: 15    XL:     7   Next: 59%
Magic:  7/7        EV: 13    Int:  8    God:    the Shining One [......]
Gold:   233        SH:  0    Dex: 16    Spells: 6/6 levels left

rFire    . . .     SeeInvis .   a - +0 trident
rCold    . . .     Faith    .   (no shield)
rNeg     . . .     Spirit   .   j - +0 ring mail
rPois    .         Reflect  .   c - +0 helmet
rElec    .         Harm     .   b - +0 cloak
rCorr    .         Rampage  .   (no gloves)
Will     .....                  (no boots)
Stlth    +.........             (no amulet)
HPRegen  0.18/turn              f - +4 ring of protection
MPRegen  0.10/turn              (no ring)

@: flying, glowing
A: (nimble swimmer 2), mertail
a: Renounce Religion


You were on level 5 of the Dungeon.
You worshipped the Shining One.
The Shining One was noncommittal.
You visited 2 branches of the dungeon, and saw 7 of its levels.

You collected 233 gold pieces.

Inventory:

Hand Weapons
 a - a +0 trident (weapon)
Missiles
 d - 2 throwing nets (quivered)
Armour
 b - a +0 cloak (worn)
 c - a +0 helmet (worn)
 j - a +0 ring mail (worn)
Jewellery
 f - a +4 ring of protection (left hand)
 s - an amulet of guardian spirit
Scrolls
 h - a scroll of fog {unknown}
 i - a scroll of enchant armour {unknown}
 m - a scroll of summoning {unknown}
 n - a scroll of teleportation
 o - a scroll of immolation {unknown}
 p - 2 scrolls of identify {unknown}
 t - a scroll of enchant weapon {unknown}
Potions
 e - a potion of might {unknown}
 g - 3 potions of flight
 k - a potion of magic {unknown}
 l - 2 potions of curing {unknown}
 q - a potion of lignification {unknown}
 r - a potion of mutation {unknown}


   Skills:
 + Level 4.6 Fighting
 + Level 7.5 Polearms
 - Level 2.0 Throwing
 + Level 2.5 Armour
 + Level 6.5 Dodging
 + Level 1.1 Invocations


You had 6 spell levels left.
You didn't know any spells.
Your spell library was empty.

Dungeon Overview and Level Annotations

Branches:
Dungeon (6/15)             Temple (1/1) D:4

Altars:
Ashenzari
Cheibriados
Dithmenos
Elyvilon
Gozag
Hepliaklqana
Kikubaaqudgha
Makhleb
Nemelex Xobeh
Okawaru
Qazlal
Ru
Sif Muna
Trog
Uskayaw
Vehumet
Wu Jian
Xom
Yredelemnul
Zin
The Shining One

Annotations:
D:3 3 runed translucent doors, Sobieck's ghost, weakling DDMo
D:5 Pikel


Innate Abilities, Weirdness & Mutations

((You are quick and stealthy near water. (Stealth+, EV+, Speed+++)))
Your lower body shifts to a powerful aquatic tail in water.


Message History

You puncture Pikel!
Pikel is moderately wounded.
The lemure completely misses you.
Pikel hits you with a +0 whip of flaming!
Pikel burns you. The lemure closely misses you. The lemure hits you.
You hit Pikel.
Pikel is moderately wounded.
The lemure closely misses you. Pikel misses you.
The lemure hits you but does no damage. The lemure closely misses you.
You puncture Pikel!
Pikel is heavily wounded.
The lemure hits you! Pikel closely misses you.
The lemure hits you but does no damage.
You hit Pikel.
Pikel is severely wounded.
The lemure misses you. The lemure barely misses you.
Pikel hits you with a +0 whip of flaming.
Pikel burns you. The lemure hits you.
* * * LOW HITPOINT WARNING * * *
You closely miss Pikel.
Pikel is severely wounded.
The lemure barely misses you. The lemure hits you but does no damage.
The lemure barely misses you. Pikel closely misses you. The lemure misses you.
You barely miss Pikel.
Pikel is severely wounded.
The lemure barely misses you.
The lemure hits you but does no damage. x2
Pikel hits you with a +0 whip of flaming.
* * * LOW HITPOINT WARNING * * *
Pikel burns you.
* * * LOW HITPOINT WARNING * * *
It was a potion of flight.
You feel very buoyant.
You fly up into the air.
The lemure barely misses you.
The lemure hits you but does no damage. x2
Pikel hits you with a +0 whip of flaming.
* * * LOW HITPOINT WARNING * * *
Pikel burns you.
* * * LOW HITPOINT WARNING * * *
The lemure hits you.
You die...

#..### #..## .... ..
.....# .... ... ..
.<...+ ... ... ...
#'#### #+## #.#
#.####+##..######.#
..................#
.............<....#
####.####(..#####'#
####.## #... #5@5#
....†.#........55K#
......#............#
......#............+
####.####...##....##
####'### .. #....#
.......# . .....#
>......# ......#
.......#


You could see Pikel and 4 lemures.

Vanquished Creatures
  A sky beast (D:5)
  A black bear (D:4)
  An ogre (D:5)
  2 bullfrogs
  A scorpion (D:4)
  2 hounds
  An orc wizard (D:4)
  3 adders
  An adder zombie (D:5)
  2 dart slugs
  11 orcs
  3 bats (D:1)
  7 endoplasms
  A giant cockroach (D:2)
  11 goblins
  6 hobgoblins
  4 jackals (D:1)
  7 kobolds
  4 quokkas
  2 ball pythons
  A frilled lizard (D:2)
  6 rats
78 creatures vanquished.

Vanquished Creatures (others)
  37 plants (D:1)
37 creatures vanquished.

Grand Total: 115 creatures vanquished

Notes
Turn   | Place    | Note
-------+----------+-------------------------------------------
     0 | D:1      | voltaire321 the Merfolk Gladiator began the quest for the
                  | Orb.
     0 | D:1      | Reached XP level 1. HP: 16/16 MP: 1/1
   236 | D:1      | Reached XP level 2. HP: 13/22 MP: 2/2
   467 | D:1      | Reached skill level 5 in Polearms
   671 | D:1      | Reached XP level 3. HP: 26/28 MP: 3/3
  1008 | D:1      | Found a faded altar of an unknown god.
  2286 | D:3      | Reached XP level 4. HP: 21/34 MP: 4/4
  2549 | D:3      | You fall into a shaft and drop 3 floors!
  2549 | D:6      | Noticed a bullfrog
  2560 | D:5      | Entered Level 5 of the Dungeon
  2568 | D:5      | Killed a bullfrog
  2569 | D:5      | Reached skill level 6 in Polearms
  2569 | D:5      | Reached skill level 1 in Armour
  2569 | D:5      | Reached skill level 5 in Dodging
  2569 | D:5      | Reached XP level 5. HP: 25/41 MP: 5/5
  2696 | D:5      | Noticed an ogre
  2709 | D:5      | Killed an ogre
  2735 | D:5      | Reached XP level 6. HP: 46/48 MP: 6/6
  2922 | D:3      | Found a runed translucent gate.
  2922 | D:3      | Found a runed translucent gate.
  2922 | D:3      | Found a runed translucent gate.
  3002 | D:3      | Noticed Sobieck's ghost (weakling DDMo)
  3658 | D:4      | Noticed a black bear
  3673 | D:4      | Killed a black bear
  3674 | D:4      | Reached skill level 7 in Polearms
  3674 | D:4      | Reached XP level 7. HP: 28/54 MP: 7/7
  3989 | D:4      | Found a staircase to the Ecumenical Temple.
  3997 | Temple   | Entered the Ecumenical Temple
  4177 | Temple   | Became a worshipper of the Shining One
  4715 | D:5      | Reached skill level 1 in Invocations
  4973 | D:5      | Noticed Pikel
  4986 | D:5      | HP: 2/55 [Pikel/+0 whip of flaming (4)]
  4986 | D:5      | Slain by a lemure

Illustrated notes

Levels and vault maps discovered:
D:1:      lightli_arrival_lavapool, layout_rooms,
          chequers_ecumenical_altar_grove, serial_bayou_lagoon_a
D:2:      layout_loops_ring
D:3:      layout_loops_corners, serial_glass, glass_columns_a, glass_columns_b,
          gammafunk_ghost_icy, guppyfry_early_orc_mine
D:4:      layout_rooms, minmay_temple_entry_mini_moons, minmay_misc_feat_x
D:5:      layout_gridville, fedhas_ov_isle_minmay, uniq_eustachio, uniq_pikel
D:6:      layout_loops_ring, gammafunk_ghost_nasty_kobolds,
          serial_bayou_crossing
Temple:   minmay_crystal_snake_temple

Skill      XL: |  1  2  3  4  5  6  7 |
---------------+----------------------+-----
Polearms       | 5 6 7 |  7.5
Fighting       | 3 4 |  4.6
Armour         | 1 2 |  2.5
Dodging        | 5 6 |  6.5
Invocations    | 1 |  1.1
Throwing       | |  2.0

Action                   |  1- 3 |  4- 6 |  7- 9 || total
-------------------------+-------+-------+-------++-------
Melee: Trident           |   154 |   102 |    76 ||   332
Throw: Throwing net      |     1 |     1 |       ||     2
  Use: Scroll            |       |       |     1 ||     1
       Potion            |       |       |     1 ||     1
 Stab: Held in net/web   |       |     1 |       ||     1
Armor: Leather armour    |    20 |       |       ||    20
       Ring mail         |    21 |    40 |    31 ||    92
Dodge: Dodged            |    91 |    63 |    49 ||   203

Table legend: (Time is in decaauts)
 A = Elapsed time spent in this place.
 B = Non-inter-level travel time spent in this place.
 C = Inter-level travel time spent in this place.
 D = Time resting spent in this place.
 E = Time spent auto-exploring this place.
 F = Levels seen in this place.
 G = Mean time per level.
                   A        B        C        D        E       F      G
               +--------+--------+--------+--------+--------+-----+--------+
         Total |   4978 |   4640 |    338 |   1363 |   2261 |   7 |  711.1 |
       Dungeon |   4644 |   4443 |    201 |   1363 |   2110 |   6 |  774.0 |
        Temple |    333 |    196 |    137 |      0 |    151 |   1 |  333.0 |
               +--------+--------+--------+--------+--------+-----+--------+

Top non-repeatable levels by time:
     D:3: 1237 daAuts
     D:4: 1182 daAuts
     D:1: 1033 daAuts
     D:2: 942 daAuts
  Temple: 333 daAuts
     D:5: 237 daAuts
     D:6: 10 daAuts
